[Event "Titled Tuesday Blitz October 11 Early 2022"]
[White "Hardaway, Brewington"]
[Black "Visakh N R"]
[WhiteFideId "30941849"]
[BlackFideId "25012223"]
[WhiteElo "2159"]
[BlackElo "2466"]
[Result "0-1"]
[Round "07"]
[TimeControl "180+1"]
[Date "2022.10.12"]
[WhiteClock "0:00:12"]
[BlackClock "0:00:13"]

1. Nf3 d5 2. e3 c5 3. d4 Nc6 4. Bb5 e6 5. O-O cxd4 6. exd4 Nf6 7. c3 Bd6 8. Ne5 O-O 9. Bxc6 bxc6 10. Nxc6 Qc7 11. Ne5 Bxe5 12. dxe5 Qxe5 13. Qd4 Qxd4 14. cxd4 Ba6 15. Re1 Rfc8 16. Nc3 Rab8 17. Na4 Rb4 18. Nc5 Bb5 19. Nb3 Ba4 20. Bd2 Rbc4 21. Bc3 Ne4 22. Na5 R4c7 23. Bb4 Rc2 24. f3 Rxb2 25. Ba3 Rb5 26. fxe4 Rxa5 27. exd5 Rxd5 28. Rac1 Rcd8 29. Bc5 a6 30. Re5 R5d7 31. Kf2 h6 32. Rb1 Rc8 33. Rb6 Bb5 34. g3 Kh7 35. g4 Rc6 36. Rb8 Rcc7 37. Rb6 Rb7 38. Re3 Rxb6 39. Bxb6 Rb7 40. Bc5 Bc4 41. a3 Rb2+ 42. Kg3 Bd5 43. h4 Rb1 44. g5 hxg5 45. hxg5 Kg6 46. Kf4 Rf1+ 47. Ke5 Rf5+ 48. Kd6 Rxg5 49. Kc7 Bc4 50. Kb6 Rg1 51. a4 Rb1+ 52. Ka7 f6 53. a5 Kf7 54. Rc3 Bb5 55. Ba3 g5 56. Rc7+ Kg6 57. Bf8 g4 58. Rg7+ Kf5 59. Be7 Rc1 60. Rf7 Ke4 61. Bxf6 Rf1 62. Kb6 g3 63. Rg7 Rxf6 64. Rxg3 e5+ 65. Kc7 exd4 66. Rg4+ Kd5 67. Rg5+ Kc4 68. Rg3 d3 69. Rg4+ Kc3 70. Rg3 Kc2 71. Rg5 Rc6+ 72. Kb7 d2 73. Rg2 Kc1 74. Ka7 Re6 75. Rg7 d1=Q 76. Rc7+ Kb2 77. Rf7 Qd4+ 78. Kb8 Qd6+ 79. Kb7 Qc6+ 80. Ka7 Qc5+ 81. Ka8 Re8+ 82. Kb7 Qc6+ 83. Ka7 Ra8# 0-1


[Site "https://www.chess.com"]

[Event "Titled Tuesday Blitz October 11 Early 2022"]
[White "Harsh Suresh"]
[Black "Lucas, Arthur"]
[WhiteFideId "45018464"]
[BlackFideId "26093073"]
[WhiteElo "2180"]
[BlackElo "2251"]
[Result "1-0"]
[Round "07"]
[TimeControl "180+1"]
[Date "2022.10.12"]
[WhiteClock "0:00:08"]
[BlackClock "0:00:02"]

1. e4 c5 2. Nc3 Nc6 3. Bb5 Nd4 4. Bc4 g6 5. Nf3 Bg7 6. Nxd4 cxd4 7. Qf3 Nh6 8. d3 Qa5 9. Bxh6 Bxh6 10. Qxf7+ Kd8 11. Qd5 Qxd5 12. Nxd5 e6 13. Nf6 Bg7 14. e5 Bxf6 15. exf6 Rf8 16. f4 Rxf6 17. O-O b6 18. a4 a5 19. Rae1 Bb7 20. Re5 Kc7 21. g3 Raf8 22. Rfe1 h6 23. h4 Bc6 24. Bb5 Bd5 25. c3 d6 26. R5e2 g5 27. c4 Bc6 28. Rxe6 Bxb5 29. axb5 gxf4 30. Rxf6 Rxf6 31. Kf2 fxg3+ 32. Kxg3 Kd7 33. Re4 Rf1 34. Rxd4 Rb1 35. Rg4 Rxb2 36. Rg7+ Ke6 37. Kf4 a4 38. Rg6+ Kd7 39. Rxh6 a3 40. Rh7+ Ke6 41. Ra7 a2 42. Ke4 Rh2 43. Ke3 Ke5 44. d4+ Kf5 45. Kd3 Rh3+ 46. Kc2 Rh2+ 47. Kb3 Ke4 48. Rxa2 Rxh4 49. Ra6 Kxd4 50. Rxb6 Rh3+ 51. Kb4 Ke5 52. Rc6 Rh1 53. Ka5 Rb1 54. Kb6 Ke6 55. Kc7 Ke7 56. b6 Rc1 57. b7 Rb1 58. b8=Q Rxb8 59. Kxb8 d5 60. cxd5 1-0


[Site "https://www.chess.com"]

[Event "Titled Tuesday Blitz October 11 Early 2022"]
[White "Hartikainen, Jarmo"]
[Black "Rodriguez Santiago, Jaime"]
[WhiteFideId "503134"]
[BlackFideId "3100898"]
[WhiteElo "2144"]
[BlackElo "2025"]
[Result "1-0"]
[Round "07"]
[TimeControl "180+1"]
[Date "2022.10.12"]
[WhiteClock "0:00:59"]
[BlackClock "0:01:02"]

1. e4 c6 2. d4 d5 3. Nc3 dxe4 4. Nxe4 Nf6 5. Nxf6+ exf6 6. Bf4 Be7 7. Qf3 O-O 8. Bd3 Re8 9. Ne2 Nd7 10. h4 Nf8 11. h5 Bd6 12. O-O-O Be6 13. a3 Bd5 14. Qg3 Bb8 15. Rh4 b5 16. Rg4 Ne6 17. Rxg7+ Nxg7 18. h6 Kf8 19. hxg7+ Ke7 20. Bxh7 Bxf4+ 21. Nxf4 Qd6 22. g8=Q Rxg8 23. Bxg8 a5 24. Re1+ Kf8 25. Bh7 1-0


[Site "https://www.chess.com"]

[Event "Titled Tuesday Blitz October 11 Early 2022"]
[White "Ibarra Jerez, Jose Carlos"]
[Black "Srihari L R"]
[WhiteFideId "2226332"]
[BlackFideId "46617116"]
[WhiteElo "2627"]
[BlackElo "2336"]
[Result "1-0"]
[Round "07"]
[TimeControl "180+1"]
[Date "2022.10.11"]
[WhiteClock "0:00:13"]
[BlackClock "0:00:04"]

1. Nf3 c5 2. b3 Nc6 3. Bb2 d5 4. e3 a6 5. g3 Nf6 6. Bg2 g6 7. O-O Bg7 8. d4 Ne4 9. Nbd2 cxd4 10. Nxe4 dxe4 11. Nxd4 Nxd4 12. Bxd4 Bxd4 13. exd4 f5 14. f3 exf3 15. Bxf3 O-O 16. c3 Ra7 17. Qe2 b5 18. Qe5 Rf6 19. Rfe1 Qd6 20. Rac1 Rc7 21. c4 bxc4 22. bxc4 Qxe5 23. Rxe5 h5 24. c5 f4 25. Be4 fxg3 26. hxg3 Kg7 27. Rb1 Bf5 28. Bxf5 gxf5 29. a4 Kf7 30. a5 Rd7 31. d5 Rc7 32. c6 Ke8 33. Rb7 Kd8 34. Rxc7 Kxc7 35. Rxe7+ Kd8 36. Rd7+ Kc8 37. d6 Rg6 38. Kf2 Rf6 39. Kf3 Rg6 40. Kf4 Rg4+ 41. Kxf5 Rxg3 42. Rh7 1-0


[Site "https://www.chess.com"]

[Event "Titled Tuesday Blitz October 11 Early 2022"]
[White "Ismayil, Malak"]
[Black "Dilmukhametov, Artur"]
[WhiteFideId "13412604"]
[BlackFideId "24179922"]
[WhiteElo "1879"]
[BlackElo "2197"]
[Result "1-0"]
[Round "07"]
[TimeControl "180+1"]
[Date "2022.10.12"]
[WhiteClock "0:00:34"]
[BlackClock "0:00:13"]

1. e4 e6 2. d4 d5 3. Nd2 Nf6 4. e5 Nfd7 5. Bd3 c5 6. c3 cxd4 7. cxd4 f6 8. exf6 Nxf6 9. Ne2 Bd6 10. Nf3 Nbd7 11. O-O O-O 12. Bf4 Nb6 13. Bxd6 Qxd6 14. Ne5 Nbd7 15. f4 Qe7 16. Ng3 Nxe5 17. fxe5 Nd7 18. Qh5 g6 19. Bxg6 hxg6 20. Qxg6+ Qg7 21. Qxe6+ Kh8 22. Qxd5 Nb6 23. Qe4 Bd7 24. d5 Bb5 25. Rxf8+ Rxf8 26. Nh5 Qf7 27. Nf6 Nxd5 28. Qh4+ Kg7 29. Qh7# 1-0


[Site "https://www.chess.com"]

[Event "Titled Tuesday Blitz October 11 Early 2022"]
[White "Janaszak, Dawid"]
[Black "Shaik Sumer Arsh"]
[WhiteFideId "1119206"]
[BlackFideId "45020000"]
[WhiteElo "2226"]
[BlackElo "2190"]
[Result "1-0"]
[Round "07"]
[TimeControl "180+1"]
[Date "2022.10.12"]
[WhiteClock "0:00:06"]
[BlackClock "0:00:02"]

1. e4 e5 2. Nf3 Nc6 3. d4 exd4 4. Nxd4 Nf6 5. Nxc6 bxc6 6. e5 Qe7 7. Qe2 Nd5 8. h4 Qe6 9. g3 d6 10. c4 Nb6 11. Bf4 d5 12. Nd2 a5 13. Bh3 Qe7 14. Bxc8 Rxc8 15. O-O-O Qb4 16. e6 f6 17. e7 Qxe7 18. Qg4 Qd7 19. Rhe1+ Kf7 20. Qf3 Bb4 21. c5 Bxd2+ 22. Rxd2 Nc4 23. Rde2 g6 24. b3 Na3 25. Bg5 Rhf8 26. Bxf6 Kg8 27. Re7 Qf5 28. Rg7+ Kh8 29. Qxf5 gxf5 30. Rg6+ Rxf6 31. Rxf6 Nb5 32. Re7 Kg8 33. Rff7 Nd4 34. Rg7+ Kf8 35. Ref7+ Ke8 36. Rxh7 f4 37. Rxf4 Ne2+ 38. Kd2 Nxf4 39. gxf4 1-0


[Site "https://www.chess.com"]

[Event "Titled Tuesday Blitz October 11 Early 2022"]
[White "Jiganchine, Roman"]
[Black "Ilkhomi, Jaloliddin"]
[WhiteFideId "2603667"]
[BlackFideId "14700948"]
[WhiteElo "2308"]
[BlackElo "2045"]
[Result "0-1"]
[Round "07"]
[TimeControl "180+1"]
[Date "2022.10.12"]
[WhiteClock "0:00:02"]
[BlackClock "0:01:36"]

1. e4 e6 2. d4 d5 3. Nd2 Nf6 4. Bd3 c5 5. c3 Nc6 6. Ngf3 cxd4 7. cxd4 dxe4 8. Nxe4 Nxe4 9. Bxe4 Bb4+ 10. Bd2 Bxd2+ 11. Qxd2 Bd7 12. O-O O-O 13. d5 exd5 14. Bxd5 Be6 15. Bxe6 Qxd2 16. Nxd2 fxe6 17. Rfe1 e5 18. Nc4 Rfe8 19. Rad1 Rad8 20. Nd6 Re7 21. Nc4 Red7 22. Rxd7 Rxd7 23. h3 Rd5 24. b3 Kf7 25. g4 Kf6 26. Kg2 b5 27. Ne3 Rd2 28. Rc1 Nb4 29. Rc7 Rxa2 30. Nf5 Nd3 31. Kg3 Rxf2 32. Rxa7 Rb2 33. Nd6 Rxb3 34. Ne8+ Ke6 35. Nxg7+ Kd5 36. Rd7+ Kc6 37. Rd8 Nf4+ 38. Kh4 h6 39. g5 Rxh3+ 40. Kg4 hxg5 41. Kxg5 Rg3+ 42. Kh6 Rg6+ 43. Kh7 Rd6 44. Rc8+ Kd5 45. Rb8 Kc4 46. Nf5 Rf6 47. Ne3+ Kd3 48. Ng4 Re6 49. Rxb5 e4 50. Ne5+ Kd4 51. Ng4 Nd5 52. Rb8 Nf6+ 53. Nxf6 Rxf6 54. Kg7 Rf1 55. Rd8+ Ke3 56. Rb8 Kd2 57. Rb2+ Kc3 58. Re2 Kd3 59. Ra2 e3 60. Ra3+ Ke2 61. Ra2+ Kf3 62. Ra3 Kf2 63. Ra2+ e2 64. Kg6 Rg1+ 65. Kf5 Kf1 0-1


[Site "https://www.chess.com"]

[Event "Titled Tuesday Blitz October 11 Early 2022"]
[White "Jobava, Baadur"]
[Black "Moroni, Luca Jr"]
[WhiteFideId "13601520"]
[BlackFideId "865834"]
[WhiteElo "2582"]
[BlackElo "2573"]
[Result "1-0"]
[Round "07"]
[TimeControl "180+1"]
[Date "2022.10.11"]
[WhiteClock "0:00:58"]
[BlackClock "0:01:12"]

1. e4 d6 2. d4 e5 3. Nf3 exd4 4. Nxd4 Nf6 5. Bd3 Be7 6. c4 O-O 7. Nc3 Re8 8. O-O Bf8 9. f3 Nbd7 10. Kh1 a5 11. Be3 c6 12. Qd2 Qc7 13. Rac1 g6 14. Rfd1 Bg7 15. Bf1 Ne5 16. b3 Bd7 17. Qf2 b6 18. h3 Bc8 19. g4 Bb7 20. g5 Nfd7 21. f4 d5 22. cxd5 cxd5 23. Nxd5 Nc5 24. Nxc7 1-0


[Site "https://www.chess.com"]

[Event "Titled Tuesday Blitz October 11 Early 2022"]
[White "Jovic, Stanoje"]
[Black "Sovetbekova, Nurai"]
[WhiteFideId "905020"]
[BlackFideId "13801910"]
[WhiteElo "2238"]
[BlackElo "1925"]
[Result "1-0"]
[Round "07"]
[TimeControl "180+1"]
[Date "2022.10.12"]
[WhiteClock "0:00:47"]
[BlackClock "0:00:04"]

1. c4 e5 2. g3 c6 3. d4 exd4 4. Qxd4 Nf6 5. Bg2 d5 6. Nc3 Be6 7. cxd5 cxd5 8. Nf3 Nc6 9. Qa4 Bd6 10. O-O O-O 11. Rd1 a6 12. Bg5 b5 13. Qh4 Be7 14. e4 d4 15. e5 Nd5 16. Nxd5 Bxd5 17. Bxe7 Nxe7 18. Nxd4 Bxg2 19. Kxg2 Qd5+ 20. Nf3 Qb7 21. Qg4 Ng6 22. Qf5 Rae8 23. Rd7 Qc6 24. Rd6 Rxe5 25. Qxg6 fxg6 26. Rxc6 Ref5 27. Rc3 g5 28. h3 h5 29. g4 hxg4 30. hxg4 Rf4 31. Kg3 Re8 32. Nxg5 Rd4 33. Re1 Rxe1 34. Rc8+ 1-0


[Site "https://www.chess.com"]

[Event "Titled Tuesday Blitz October 11 Early 2022"]
[White "Kaidanov, Gregory"]
[Black "Shipov, Sergei"]
[WhiteFideId "2008564"]
[BlackFideId "4113624"]
[WhiteElo "2660"]
[BlackElo "2779"]
[Result "0-1"]
[Round "07"]
[TimeControl "180+1"]
[Date "2022.10.11"]
[WhiteClock "0:00:01"]
[BlackClock "0:01:23"]

1. Nf3 d5 2. e3 Nf6 3. c4 e6 4. d4 dxc4 5. Bxc4 c5 6. O-O Nc6 7. Qe2 a6 8. Rd1 b5 9. dxc5 Qc7 10. Bd3 Bxc5 11. Nbd2 Bb7 12. b3 Nb4 13. Bb1 Be7 14. Bb2 O-O 15. Rc1 Qb8 16. a3 Nc6 17. Ne4 Nxe4 18. Bxe4 Na5 19. Be5 Qa7 20. Bxb7 Nxb7 21. Rc7 Bd8 22. Rd7 Qb6 23. b4 f6 24. Bb2 Nd6 25. Rd1 Nc4 26. Bd4 Qc6 27. Bc5 Re8 28. Ng5 fxg5 29. Qh5 Bf6 30. Qf7+ Kh8 31. Rc7 Ne5 32. Rxc6 Nxf7 0-1


[Site "https://www.chess.com"]

[Event "Titled Tuesday Blitz October 11 Early 2022"]
[White "Kazakov, Mikhail"]
[Black "Aldokhin, Ivan"]
[WhiteFideId "14102749"]
[BlackFideId "24115720"]
[WhiteElo "2413"]
[BlackElo "2313"]
[Result "0-1"]
[Round "07"]
[TimeControl "180+1"]
[Date "2022.10.12"]
[WhiteClock "0:00:08"]
[BlackClock "0:00:23"]

1. d4 Nf6 2. c4 g6 3. Nc3 Bg7 4. e4 d6 5. Nf3 O-O 6. Be2 Nc6 7. O-O Re8 8. d5 Nb4 9. a3 Na6 10. Rb1 e6 11. b4 exd5 12. exd5 Nb8 13. Bb2 Nbd7 14. h3 Nh5 15. Re1 Ndf6 16. Bf1 Bf5 17. Qd2 Bxb1 18. Rxb1 Ne4 19. Nxe4 Rxe4 20. Bxg7 Kxg7 21. Nd4 Qf6 22. Nb5 Qe7 23. Qc3+ Kg8 24. c5 a6 25. Nd4 Qe5 26. Rd1 Nf4 27. Qc4 Nxd5 28. Nf3 Rxc4 29. Nxe5 Rc3 30. cxd6 cxd6 31. Nc4 Nf4 32. Rxd6 Rc1 33. g3 Nxh3+ 34. Kg2 Ng5 35. Rd7 b5 36. Ne5 Re8 37. f4 Rc2+ 38. Kg1 Rxe5 39. fxg5 Rxg5 0-1


[Site "https://www.chess.com"]

[Event "Titled Tuesday Blitz October 11 Early 2022"]
[White "Kiseljova, Marya"]
[Black "Wiegmann, Sascha"]
[WhiteFideId "4155009"]
[BlackFideId "4682041"]
[WhiteElo "1931"]
[BlackElo "2266"]
[Result "0-1"]
[Round "07"]
[TimeControl "180+1"]
[Date "2022.10.12"]
[WhiteClock "0:00:13"]
[BlackClock "0:01:22"]

1. d4 c5 2. d5 Nf6 3. c4 b5 4. cxb5 a6 5. e3 d6 6. Nc3 g6 7. a4 Bg7 8. e4 O-O 9. Bd3 axb5 10. Nxb5 Ba6 11. Qe2 Nbd7 12. Nf3 Nxe4 13. Bxe4 Qa5+ 14. Bd2 Bxb5 15. Bxa5 Bxe2 16. Kxe2 Rxa5 17. Ra2 Rb8 18. Rb1 Rb4 19. Bc2 Nb6 20. b3 Nxd5 21. Kd2 Nc3 22. Raa1 Nxb1+ 23. Rxb1 c4 24. bxc4 Rxb1 25. Bxb1 Rxa4 26. Bd3 Ra2+ 27. Ke3 Kf8 28. h4 Bh6+ 29. Ke4 Rxf2 30. g4 Bg7 31. h5 gxh5 32. gxh5 h6 33. Kf4 e6 34. Kg3 Ra2 35. Kf4 Bf6 36. Ne1 Ke7 37. Ng2 Rxg2 0-1


[Site "https://www.chess.com"]

[Event "Titled Tuesday Blitz October 11 Early 2022"]
[White "Kosteniuk, Alexandra"]
[Black "Cnejev, Vladimir-Alexandru"]
[WhiteFideId "4128125"]
[BlackFideId "1260898"]
[WhiteElo "2469"]
[BlackElo "2193"]
[Result "0-1"]
[Round "07"]
[TimeControl "180+1"]
[Date "2022.10.12"]
[WhiteClock "0:00:11"]
[BlackClock "0:00:05"]

1. Nf3 d5 2. g3 Nf6 3. Bg2 e6 4. O-O Be7 5. b3 O-O 6. Bb2 c5 7. c4 Nc6 8. cxd5 Nxd5 9. d4 b6 10. e4 Nf6 11. e5 Nd5 12. Nbd2 Bb7 13. dxc5 Bxc5 14. Ne4 Be7 15. Qb1 h6 16. Rd1 Qc7 17. a3 Rfd8 18. b4 a6 19. Qa2 Rac8 20. Rac1 Qb8 21. h4 Rd7 22. Qa1 Rcd8 23. Nd6 Bxd6 24. exd6 f6 25. h5 Rxd6 26. Nh4 Nce7 27. Re1 e5 28. Bh3 b5 29. Qb1 Bc8 30. Bg2 Nb6 31. Rc2 Nc4 32. Bc1 Rd1 33. Re2 Bg4 34. f3 Bxh5 35. Qb3 Rxe1+ 36. Rxe1 Bf7 37. Qc2 Qb6+ 38. Kh2 Qe6 39. Bh3 Qd5 40. Bg2 Qd3 41. Qf2 g5 42. Qa7 Re8 43. Qxa6 gxh4 44. Qxf6 hxg3+ 45. Kg1 Qg6 46. Qh4 Nf5 47. Qe4 Ncd6 48. Qc6 Nh4 49. Bb2 Nxg2 50. Kxg2 e4 51. Qc3 Kh7 52. f4 e3 53. Kg1 Nf5 54. a4 Qh5 55. Qc2 Bg6 56. Qc7+ Re7 57. Qc2 Nh4 58. Qc8 Nf3+ 59. Kf1 Qh1+ 60. Ke2 Qg2+ 61. Kd1 Qd2# 0-1


[Site "https://www.chess.com"]

[Event "Titled Tuesday Blitz October 11 Early 2022"]
[White "Kouskoutis, Georgios-Alexandros"]
[Black "Velikanov, Alexander"]
[WhiteFideId "4234049"]
[BlackFideId "2039290"]
[WhiteElo "2187"]
[BlackElo "2259"]
[Result "1-0"]
[Round "07"]
[TimeControl "180+1"]
[Date "2022.10.12"]
[WhiteClock "0:00:05"]
[BlackClock "0:00:13"]

1. Nf3 b6 2. g3 Bb7 3. Bg2 g6 4. O-O Bg7 5. c4 e5 6. Nc3 Ne7 7. d3 O-O 8. Bd2 h6 9. Qc1 Kh7 10. Ng5+ hxg5 11. Bxb7 Nbc6 12. Bxa8 Qxa8 13. Bxg5 Nf5 14. Be3 Ncd4 15. Qd2 Rh8 16. Nd5 c6 17. Nc3 Kg8 18. Bxd4 Nxd4 19. f4 exf4 20. Qxf4 Nf5 21. e4 Nh6 22. e5 Qe8 23. d4 c5 24. Nd5 cxd4 25. Nf6+ Bxf6 26. exf6 Qe3+ 27. Qxe3 dxe3 28. Rae1 Ng4 29. Rf4 Nf2 30. Rxe3 Nh3+ 31. Kf1 Nxf4 32. Re8+ Kh7 33. Rxh8+ Kxh8 34. gxf4 Kh7 35. Kg2 Kh6 36. h4 Kh5 37. Kg3 d6 38. b4 a6 39. a4 a5 40. bxa5 bxa5 41. Kh3 Kh6 42. Kg4 Kh7 43. Kg5 Kg8 44. f5 gxf5 45. Kxf5 Kf8 46. Ke4 Ke8 47. Kd5 Kd7 48. h5 Ke8 49. Kxd6 1-0


[Site "https://www.chess.com"]

[Event "Titled Tuesday Blitz October 11 Early 2022"]
[White "Kovalenko, Igor"]
[Black "Carlsen, Magnus"]
[WhiteFideId "14117908"]
[BlackFideId "1503014"]
[WhiteElo "2574"]
[BlackElo "2830"]
[Result "0-1"]
[Round "07"]
[TimeControl "180+1"]
[Date "2022.10.11"]
[WhiteClock "0:00:03"]
[BlackClock "0:00:23"]

1. c4 g5 2. d4 h6 3. Nc3 Bg7 4. e4 d6 5. Nge2 Nc6 6. Be3 a6 7. Ng3 Nf6 8. Be2 e5 9. d5 Nd4 10. Bxd4 exd4 11. Qxd4 Nh5 12. Qd2 Nf4 13. Rg1 Be5 14. h3 h5 15. a4 Qf6 16. Ra3 Bd7 17. a5 O-O-O 18. b4 Bd4 19. Nd1 Rde8 20. Rf3 h4 21. Nh5 Rxh5 22. Rxf4 gxf4 23. Bxh5 Rxe4+ 24. Kf1 Ba7 25. Be2 f3 26. gxf3 Bxh3+ 27. Ke1 Re8 28. Ne3 Bd4 29. Kd1 Bc3 30. Qc2 Bxb4 31. Bd3 Qxf3+ 32. Kc1 Bc5 33. Kb1 Kb8 34. Nd1 Bd7 35. Qd2 Bb4 36. Qc2 Bxa5 0-1


[Site "https://www.chess.com"]

[Event "Titled Tuesday Blitz October 11 Early 2022"]
[White "Koziorowicz, Michal"]
[Black "Di Nicolantonio, Lucas"]
[WhiteFideId "21809194"]
[BlackFideId "680460"]
[WhiteElo "2220"]
[BlackElo "2381"]
[Result "1-0"]
[Round "07"]
[TimeControl "180+1"]
[Date "2022.10.12"]
[WhiteClock "0:00:37"]
[BlackClock "0:00:07"]

1. Nc3 d5 2. d4 Nf6 3. Bg5 Nbd7 4. Qd3 c5 5. O-O-O c4 6. Qd2 b5 7. e4 Nxe4 8. Nxe4 dxe4 9. d5 h6 10. Bh4 g5 11. Bg3 Bg7 12. h4 c3 13. Qe3 Qa5 14. Kb1 Qb4 15. b3 a5 16. Ne2 a4 17. Rd4 Qa3 18. Nxc3 axb3 19. cxb3 b4 20. Na4 Rxa4 21. bxa4 b3 22. axb3 Bxd4 23. Qxd4 Qxb3+ 24. Kc1 Qa3+ 25. Qb2 Qc5+ 26. Qc2 Qa3+ 27. Kb1 O-O 28. Bb5 Nb6 29. Qb2 Qc5 30. hxg5 Bf5 31. gxh6 e3+ 32. Ka1 Bh7 33. Qg7# 1-0


[Site "https://www.chess.com"]

[Event "Titled Tuesday Blitz October 11 Early 2022"]
[White "Kuznetsova, Olga"]
[Black "Liu, Xiangyi"]
[WhiteFideId "4191323"]
[BlackFideId "8605718"]
[WhiteElo "2134"]
[BlackElo "2323"]
[Result "1/2-1/2"]
[Round "07"]
[TimeControl "180+1"]
[Date "2022.10.12"]
[WhiteClock "0:00:07"]
[BlackClock "0:00:08"]

1. d4 Nf6 2. g3 g6 3. Bg2 d5 4. Nf3 Bg7 5. O-O O-O 6. b3 c5 7. Bb2 Ne4 8. Ne5 Nc6 9. Nxc6 bxc6 10. Nd2 f5 11. Nf3 Qc7 12. Rc1 cxd4 13. Bxd4 e5 14. Ba1 Be6 15. e3 Rad8 16. Qe2 g5 17. Nd2 Qa5 18. Nxe4 dxe4 19. c3 Rd3 20. Rfd1 Rfd8 21. Qc2 Rxd1+ 22. Rxd1 Rxd1+ 23. Qxd1 Qxa2 24. c4 Qa5 25. Bh3 g4 26. Bf1 Kf7 27. Bb2 Qb4 28. Qd8 Qb6 29. Qa8 Bf6 30. Ba3 Kg6 31. Bd6 c5 32. Qb8 Kf7 33. Qxb6 axb6 34. Bc7 Ke7 35. Bxb6 Kd6 36. Ba5 Kc6 37. Bc3 h5 38. Be2 Bc8 39. Kf1 Kd6 40. Ke1 Bd8 41. Kd2 Bb6 42. Kc2 Bb7 43. Kb2 Ke6 44. Ka3 f4 45. b4 fxe3 46. fxe3 cxb4+ 47. Kxb4 Bxe3 48. c5 Bd5 49. Ba6 Bd4 50. Be1 Kd7 51. Kb5 Bc6+ 52. Kb6 e3 53. Bd3 e4 54. Bc4 e2 55. Bxe2 Bg1 56. Bc4 Ba8 57. Bf7 Bxh2 58. Bxh5 Ke6 59. Bxg4+ Ke5 60. c6 Bxc6 61. Kxc6 Kd4 62. Kd6 Ke3 63. Ke5 Kd3 64. Bf5 Ke2 65. Kxe4 Kxe1 66. Kf3 Bxg3 1/2-1/2


[Site "https://www.chess.com"]

[Event "Titled Tuesday Blitz October 11 Early 2022"]
[White "Laohawirapap, Prin"]
[Black "Przybylski, Wojciech"]
[WhiteFideId "6205003"]
[BlackFideId "1117599"]
[WhiteElo "2113"]
[BlackElo "2221"]
[Result "0-1"]
[Round "07"]
[TimeControl "180+1"]
[Date "2022.10.12"]
[WhiteClock "0:02:09"]
[BlackClock "0:00:04"]

1. e4 e5 2. Nf3 Nc6 3. d4 exd4 4. Nxd4 Nf6 5. Nxc6 bxc6 6. e5 Qe7 7. Qe2 Nd5 8. c4 Nb6 9. Nc3 Qe6 10. Qe4 Bb4 11. Bd2 Bb7 12. O-O-O O-O-O 13. a3 Bxc3 14. Bxc3 d5 15. Qc2 dxc4 16. Be2 c5 17. f4 Bxg2 18. Rhg1 Qc6 19. Bg4+ Kb8 20. Qxg2 Qh6 21. Qe4 Qxh2 22. Bf3 Rd5 23. Rh1 Qf2 24. Rxd5 Nxd5 25. Qd4 cxd4 0-1


[Site "https://www.chess.com"]

[Event "Titled Tuesday Blitz October 11 Early 2022"]
[White "Le, Tuan Minh"]
[Black "Hansen, Eric"]
[WhiteFideId "12401153"]
[BlackFideId "2606771"]
[WhiteElo "2530"]
[BlackElo "2568"]
[Result "0-1"]
[Round "07"]
[TimeControl "180+1"]
[Date "2022.10.11"]
[WhiteClock "0:00:10"]
[BlackClock "0:00:31"]

1. d4 Nf6 2. Nf3 d5 3. Bf4 Bg4 4. e3 e6 5. c4 Bxf3 6. gxf3 Bd6 7. Bg3 O-O 8. Nc3 c6 9. Bd3 Qe7 10. f4 dxc4 11. Bxc4 c5 12. dxc5 Bxc5 13. Bh4 Bb4 14. O-O Rc8 15. Bb3 Bxc3 16. bxc3 Nbd7 17. Kh1 Rxc3 18. Rg1 Qc5 19. Ba4 b5 20. Qf3 Rc8 21. Bb3 Qc6 22. Qxc6 R3xc6 23. Rad1 Kf8 24. Rd4 Nc5 25. Bd1 Nce4 26. Bf3 Rc4 27. Rgd1 Rxd4 28. Rxd4 Nc3 29. a3 a5 30. f5 e5 31. Rd6 e4 32. Bxf6 exf3 33. Bxc3 Rxc3 34. h4 Rxa3 35. Rb6 b4 36. Kh2 b3 37. e4 f6 38. Kg3 a4 39. Rb8+ Ke7 40. h5 h6 0-1


[Site "https://www.chess.com"]

[Event "Titled Tuesday Blitz October 11 Early 2022"]
[White "Leve, Nitai"]
[Black "Aguilar, Juan"]
[WhiteFideId "2006898"]
[BlackFideId "3800091"]
[WhiteElo "2144"]
[BlackElo "2374"]
[Result "0-1"]
[Round "07"]
[TimeControl "180+1"]
[Date "2022.10.12"]
[WhiteClock "0:00:04"]
[BlackClock "0:00:19"]

1. e4 c5 2. Nf3 d6 3. d4 cxd4 4. Qxd4 Nc6 5. Bb5 Bd7 6. Bxc6 Bxc6 7. Nc3 Nf6 8. Bg5 e6 9. O-O-O Be7 10. Qd3 O-O 11. Nd4 Qa5 12. f4 Rfc8 13. f5 Bd7 14. h4 e5 15. Bxf6 Bxf6 16. Nb3 Qd8 17. Qxd6 Bc6 18. Qxd8+ Bxd8 19. g3 a5 20. Nc5 Bb6 21. Nd7 Be3+ 22. Kb1 Bd4 23. Ne2 Bxd7 24. c3 Bc6 25. cxd4 Bxe4+ 26. Ka1 Bxh1 27. Rxh1 exd4 28. Nxd4 Rd8 29. Nf3 Rd5 30. g4 Rad8 0-1


[Site "https://www.chess.com"]

[Event "Titled Tuesday Blitz October 11 Early 2022"]
[White "Lewtak, Damian"]
[Black "Zhigalko, Sergei"]
[WhiteFideId "1141724"]
[BlackFideId "13502956"]
[WhiteElo "2329"]
[BlackElo "2662"]
[Result "0-1"]
[Round "07"]
[TimeControl "180+1"]
[Date "2022.10.11"]
[WhiteClock "0:00:01"]
[BlackClock "0:00:04"]

1. e4 c5 2. Nf3 Nc6 3. Bb5 Nf6 4. Qe2 g6 5. O-O Bg7 6. c3 O-O 7. d4 d5 8. e5 Ne4 9. h3 Qb6 10. Be3 cxd4 11. cxd4 Bd7 12. Na3 a6 13. Bd3 Nb4 14. Bb1 Rac8 15. Nd2 f5 16. exf6 Nxf6 17. Re1 Kh8 18. Nf3 Ne4 19. Ne5 Bf5 20. Bxe4 dxe4 21. Red1 Nd3 22. g4 Be6 23. Nxd3 exd3 24. Qxd3 Bd5 25. b3 Qf6 26. Kh2 Qh4 27. Qf1 Bh6 28. f4 Rf7 29. Nc4 Rcf8 30. Qf2 Bxf4+ 31. Kg1 Qxh3 0-1


[Site "https://www.chess.com"]

[Event "Titled Tuesday Blitz October 11 Early 2022"]
[White "Liyanage, Ranindu Dilshan"]
[Black "Orzech, Dominik"]
[WhiteFideId "9915834"]
[BlackFideId "1115065"]
[WhiteElo "2210"]
[BlackElo "2272"]
[Result "1-0"]
[Round "07"]
[TimeControl "180+1"]
[Date "2022.10.12"]
[WhiteClock "0:01:43"]
[BlackClock "0:00:58"]

1. d4 Nf6 2. Nc3 d5 3. Bf4 Bf5 4. e3 e6 5. Bd3 Bxd3 6. cxd3 Be7 7. Nge2 O-O 8. Qb3 Qc8 9. Rc1 Na6 10. Nb5 c6 11. Nd6 Bxd6 12. Bxd6 Rd8 13. Be5 Nd7 14. Bg3 Nb6 15. O-O Qd7 16. Qa3 Nc7 17. Nc3 Nc8 18. Na4 b6 19. Rc2 Nb5 20. Qb3 Ncd6 21. Rfc1 Rac8 22. Qb4 Nf5 23. Bf4 h6 24. h3 Ne7 25. b3 1-0


[Site "https://www.chess.com"]

[Event "Titled Tuesday Blitz October 11 Early 2022"]
[White "Lopez, Henry"]
[Black "Piesik, Piotr"]
[WhiteFideId "5203830"]
[BlackFideId "1136194"]
[WhiteElo "2177"]
[BlackElo "2323"]
[Result "1/2-1/2"]
[Round "07"]
[TimeControl "180+1"]
[Date "2022.10.12"]
[WhiteClock "0:00:13"]
[BlackClock "0:00:07"]

1. d4 c5 2. d5 e5 3. c4 d6 4. e4 Be7 5. Nf3 Bg4 6. Be2 Bxf3 7. Bxf3 Bg5 8. Bxg5 Qxg5 9. h4 Qd8 10. Nc3 Ne7 11. h5 h6 12. Qd2 f5 13. exf5 Nxf5 14. Be4 Nd4 15. Bg6+ Kd7 16. O-O Rf8 17. f4 exf4 18. Rxf4 Rxf4 19. Qxf4 Kc7 20. Re1 Nd7 21. Ne4 Qe7 22. b4 b6 23. bxc5 bxc5 24. Re3 Rf8 25. Qg3 Qe5 26. Qe1 Nc2 27. Qa5+ Kb8 28. Rb3+ Ka8 29. Qc7 Rf1+ 30. Kxf1 Qa1+ 31. Ke2 Nd4+ 32. Ke3 Qe1+ 33. Kf4 Qh4+ 34. Ke3 Qe1+ 35. Kf4 Ne2+ 36. Ke3 Nd4+ 1/2-1/2


[Site "https://www.chess.com"]

[Event "Titled Tuesday Blitz October 11 Early 2022"]
[White "Luxama, Jacques Muller"]
[Black "Kaganskiy, Gleb"]
[WhiteFideId "11900113"]
[BlackFideId "4132025"]
[WhiteElo "1931"]
[BlackElo "2165"]
[Result "1-0"]
[Round "07"]
[TimeControl "180+1"]
[Date "2022.10.12"]
[WhiteClock "0:01:33"]
[BlackClock "0:00:30"]

1. e4 e6 2. Nc3 d5 3. d4 Bb4 4. e5 c5 5. a3 Bxc3+ 6. bxc3 Ne7 7. a4 Qc7 8. Bd2 Nbc6 9. Nf3 b6 10. Bd3 Bd7 11. O-O c4 12. Be2 O-O-O 13. Bc1 Kb7 14. Ba3 Nc8 15. Bb4 a5 16. Ba3 h6 17. h4 Rdg8 18. Rb1 Ka7 19. Qd2 f6 20. Rb2 f5 21. Rfb1 Qd8 22. Rxb6 Nxb6 23. Bc5 Qe8 24. Rxb6 Ka8 25. Qc1 Bc8 26. Qb2 g5 27. Qb5 Rh7 28. Rxc6 Bb7 29. Qxa5+ Kb8 30. Qa7# 1-0


[Site "https://www.chess.com"]